 Dungeon Crawl Stone Soup version 0.31-a0-152-g6aa68a64a1 (webtiles) character file.

Game seed: 10069284683701455679

100 qw the Shooter (level 4, -18/42 HPs)
             Began as a Naga Hunter on June 9, 2023.
             Was an Initiate of Okawaru.
             Demolished by an ogre
             ... wielding a +0 giant club
              (26 damage)
             ... on level 3 of the Dungeon.
             The game lasted 00:00:40 (1782 turns).

qw the Shooter (Naga Hunter)                        Turns: 1782, Time: 00:00:40

Health: -18/42     AC:  2    Str: 13    XL:     4   Next: 74%
Magic:  4/4        EV:  9    Int:  9    God:    Okawaru [......]
Gold:   67         SH:  0    Dex: 17    Spells: 3/3 levels left

rFire   . . .        Y - +1 shortbow
rCold   . . .        (shield currently unavailable)
rNeg    . . .        c - +0 leather armour
rPois   +            (no helmet)
rElec   .            (no cloak)
rCorr   .            (no gloves)
SInv    +            (no barding)
Will    .....        (no amulet)
Stlth   ++           (no ring)
HPRegen 0.27/turn    (no ring)
MPRegen 0.09/turn

%: no passive effects
@: about to teleport, short of breath, very slow
A: AC +1, large, see invisible, deformed body, poison resistance, slowness 2,
spit poison 1, naga tail 1
a: Spit Poison, Renounce Religion


You were on level 3 of the Dungeon.
You worshipped Okawaru.
Okawaru was noncommittal.
You visited 1 branch of the dungeon, and saw 3 of its levels.

You collected 67 gold pieces.


Innate Abilities, Weirdness & Mutations

Your serpentine skin is tough. (AC +1)
You have supernaturally acute eyesight. (SInv)
Armour fits poorly on your strangely shaped body.
Your system is resistant to poisons. (rPois)
You cover ground very slowly.
You can spit poison.
You have a snake-like lower body.


   Skills:
 - Level 3.0 Fighting
 + Level 5.0 Ranged Weapons
 - Level 1.5 Dodging
 - Level 1.5 Stealth


You had 3 spell levels left.
You didn't know any spells.
Your spell library was empty.

Inventory:

Hand Weapons
 Y - a +1 shortbow (weapon)
Armour
 c - a +0 leather armour (worn)
Potions
 a - a potion of ambrosia {unknown}
 b - a potion of haste {unknown}
 d - a potion of lignification {unknown}
 h - a potion of might {unknown}

Dungeon Overview and Level Annotations

Branches:
Dungeon (3/15)

Altars:
Okawaru

Shops:
D:3 :


Message History

Aiming: Spit Poison (1% risk of failure)
Press: ? - help, Shift-Dir - straight line, f/p - adder The splash of poison misses the adder.
An ogre comes into view. It is wielding a +0 giant club.
You shoot an arrow. The arrow barely misses the adder.
You shoot an arrow. The arrow hits the adder!
The adder is almost dead.
You shoot an arrow. The arrow barely misses the adder.
The adder barely misses you. The adder bites you but does no damage.
You shoot an arrow. The arrow hits the adder.
You kill the adder!
Okawaru accepts your kill.
Your Fighting skill increases to level 3!
You shoot an arrow. The arrow hits the ogre.
The ogre is lightly wounded.
You have got your breath back.
1778 ||| INVOKING Spit Poison.
Aiming: Spit Poison (1% risk of failure)
Press: ? - help, Shift-Dir - straight line, f/p - ogre The splash of poison hits the ogre.
The ogre is poisoned.
The ogre is moderately wounded.
The ogre hits you with a +0 giant club!
You shoot an arrow. The arrow barely misses the ogre.
You shoot an arrow. The arrow hits the ogre.
The ogre is severely wounded.
The ogre hits you with a +0 giant club!!
Ouch! That really hurt!
1781 ||| READING scroll of teleportation.
As you read the scroll of teleportation, it crumbles to dust.
You feel strangely unstable.
You have got your breath back.
The ogre barely misses you.
1782 ||| INVOKING Spit Poison.
Aiming: Spit Poison (1% risk of failure)
Press: ? - help, Shift-Dir - straight line, f/p - ogre The splash of poison hits the ogre.
The ogre looks even sicker.
The ogre is almost dead.
The ogre hits you with a +0 giant club!!
Ouch! That really hurt!
You die...

#.# #.#.#.......#
........#.#.#####...##
.......#.#.# #.....
......#.#.#####.####
#....##.#.....)...##
#....##..)......#.##
#....############...
#####..O.##
#...........
#......@..#
#......}.}..
#.###.....#
#.......)... #####.#
#.......\... #.#
######...... #.#
#....}.}.. #.#
#......... #.#
#......... #.#
#######.## #.# #.#


You could see an ogre (very poisoned).

Vanquished Creatures
  3 adders
  2 worms (D:2)
  2 dart slugs
  5 bats
  6 endoplasms
  4 giant cockroaches
  5 goblins
  4 hobgoblins (D:1)
  3 jackals (D:2)
  2 quokkas
  6 ball pythons
  3 frilled lizards (D:1)
  9 kobolds
  4 rats (D:1)
58 creatures vanquished.

Notes
Turn   | Place    | Note
-------+----------+-------------------------------------------
     0 | D:1      | qw the Naga Hunter began the quest for the Orb.
     0 | D:1      | Reached XP level 1. HP: 19/19 MP: 1/1
     0 | D:1      | 0 ||| qw: Version: 0.2-a-122-gbc61b45
     0 | D:1      | 0 ||| qw: Game counter: 3354
     0 | D:1      | 0 ||| qw: Always use a shield: true
     0 | D:1      | 0 ||| qw: God list: Okawaru
     0 | D:1      | 0 ||| qw: Allow faded altars: false
     0 | D:1      | 0 ||| qw: Do Orc after D:15 true
     0 | D:1      | 0 ||| qw: Do second Lair branch before Depths: true
     0 | D:1      | 0 ||| qw: Lair rune preference: random
     0 | D:1      | 0 ||| qw: Plans: Normal
     0 | D:1      | 0 ||| PLANNING D:1-11
    43 | D:1      | 43 ||| INVOKING Spit Poison.
    74 | D:1      | 74 ||| INVOKING Spit Poison.
    80 | D:1      | 80 ||| INVOKING Spit Poison.
   123 | D:1      | 123 ||| FLEEEEING.
   124 | D:1      | 124 ||| FLEEEEING.
   125 | D:1      | 125 ||| FLEEEEING.
   126 | D:1      | 126 ||| FLEEEEING.
   127 | D:1      | 127 ||| FLEEEEING.
   135 | D:1      | 135 ||| INVOKING Spit Poison.
   136 | D:1      | Reached skill level 4 in Ranged Weapons
   136 | D:1      | Reached XP level 2. HP: 26/26 MP: 2/2
   170 | D:1      | 170 ||| INVOKING Spit Poison.
   174 | D:1      | 174 ||| INVOKING Spit Poison.
   206 | D:1      | 206 ||| INVOKING Spit Poison.
   281 | D:1      | 281 ||| INVOKING Spit Poison.
   292 | D:1      | 292 ||| INVOKING Spit Poison.
   322 | D:1      | 322 ||| INVOKING Spit Poison.
   332 | D:1      | 332 ||| INVOKING Spit Poison.
   338 | D:1      | Reached XP level 3. HP: 32/32 MP: 3/3
   399 | D:1      | 399 ||| INVOKING Spit Poison.
   408 | D:1      | 408 ||| INVOKING Spit Poison.
   438 | D:1      | 438 ||| INVOKING Spit Poison.
   450 | D:1      | 450 ||| INVOKING Spit Poison.
   476 | D:1      | 476 ||| INVOKING Spit Poison.
   490 | D:1      | 490 ||| INVOKING Spit Poison.
   628 | D:1      | 628 ||| READING 2 scrolls labelled YNENKESSIATI.
   629 | D:1      | 629 ||| READING scroll labelled USOCOV IZ DICE.
   630 | D:1      | 630 ||| READING scroll labelled MOTTUA HITAE.
   631 | D:1      | 631 ||| READING 2 scrolls labelled UWEOSEUHOPN.
   634 | D:1      | 634 ||| DROPPING scroll of fear.
   635 | D:1      | 635 ||| DROPPING scroll of butterflies.
   699 | D:2      | 699 ||| INVOKING Spit Poison.
   705 | D:2      | 705 ||| INVOKING Spit Poison.
   724 | D:2      | 724 ||| INVOKING Spit Poison.
   728 | D:2      | 728 ||| INVOKING Spit Poison.
   758 | D:2      | 758 ||| INVOKING Spit Poison.
   762 | D:2      | 762 ||| INVOKING Spit Poison.
   768 | D:2      | 768 ||| INVOKING Spit Poison.
   830 | D:2      | 830 ||| INVOKING Spit Poison.
   857 | D:2      | 857 ||| INVOKING Spit Poison.
   858 | D:2      | Reached skill level 5 in Ranged Weapons
   875 | D:2      | 875 ||| INVOKING Spit Poison.
   876 | D:2      | Reached XP level 4. HP: 39/39 MP: 4/4
   941 | D:2      | 941 ||| INVOKING Spit Poison.
  1034 | D:2      | 1034 ||| INVOKING Spit Poison.
  1108 | D:2      | 1108 ||| INVOKING Spit Poison.
  1115 | D:2      | 1115 ||| INVOKING Spit Poison.
  1318 | D:2      | 1318 ||| READING scroll labelled YBRUIX CITHRUST.
  1374 | D:3      | Found an iron altar of Okawaru.
  1375 | D:3      | 1375 ||| PLANNING OKAWARU WORSHIP
  1379 | D:3      | Became a worshipper of Warmaster Okawaru
  1379 | D:3      | 1379 ||| PLANNING D:1-11
  1408 | D:3      | 1408 ||| INVOKING Spit Poison.
  1436 | D:3      | 1436 ||| INVOKING Spit Poison.
  1443 | D:3      | 1443 ||| INVOKING Spit Poison.
  1446 | D:3      | 1446 ||| INVOKING Spit Poison.
  1487 | D:3      | Found Vaum's Vocational Training.
  1597 | D:3      | 1597 ||| INVOKING Spit Poison.
  1723 | D:3      | 1723 ||| INVOKING Spit Poison.
  1772 | D:3      | 1772 ||| INVOKING Spit Poison.
  1772 | D:3      | Noticed an ogre
  1777 | D:3      | Reached skill level 3 in Fighting
  1778 | D:3      | 1778 ||| INVOKING Spit Poison.
  1780 | D:3      | HP: 7/42 [ogre/+0 giant club (27)]
  1781 | D:3      | 1781 ||| READING scroll of teleportation.
  1782 | D:3      | 1782 ||| INVOKING Spit Poison.
  1782 | D:3      | Demolished by an ogre

Levels and vault maps discovered:
D:1:      dpeg_arrival_refuge, layout_basic, serial_park_tiny_pond,
          skrybe_limestone_x, columned_hall_lemuel, minmay_bisected
D:2:      layout_loops_ring
D:3:      cheibrodos_thug_alley, layout_basic,
          hellmonk_okawaru_the_only_friend_you_need, nicolae_shop_vocational

Skill      XL: |  1  2  3  4 |
---------------+-------------+-----
Ranged Weapons | 4 5 |  5.0
Fighting       | 3 |  3.0
Dodging        | |  1.5
Stealth        | |  1.5

Action                     |  1- 3 |  4- 6 || total
---------------------------+-------+-------++-------
   Fire: Shortbow          |    60 |    40 ||   100
Ability: Spit Poison       |    27 |    13 ||    40
    Use: Scroll            |     4 |     2 ||     6
 Armour: Leather armour    |     3 |     1 ||     4
  Dodge: Dodged            |     3 |     9 ||    12

Table legend:
 A = Non-vault XP
 B = Vault XP
 C = Vault XP percentage of total XP
 D = Non-vault monster count
 E = Vault monster count
 F = Vault count percentage of total count
                 A         B        C        D         E       F
            +---------+---------+-------+---------+---------+-------
      Total |     131 |      13 |   9.0 |      50 |       8 |  13.8
            +---------+---------+-------+---------+---------+-------
        D:1 |      44 |       3 |   6.4 |      27 |       2 |   6.9
        D:2 |      50 |       0 |   0.0 |      17 |       0 |   0.0
        D:3 |      37 |      10 |  21.3 |       6 |       6 |  50.0
            +---------+---------+-------+---------+---------+-------
